AoeStats
← Aoe_Ly

Nomad

510833517Analyzed
4v4 RM · 22h ago on Oct 2, 2026· 38m 46s· 8 players
Game mode
Random Map
Map size
231×231
Population
200
Speed
Normal
Resources
Standard
Victory
Conquest
Starting age
Dark Age
Ending age
Imperial Age
RankedLock teamsTeams togetherTeam positionsShared explorationLock speedFull tech treeHidden civsTurbo modeCheats
Victory
Defeat
🇬🇧 Japanese · United Kingdom
1080
+16
🇵🇪 Lithuanians · Peru
1077
+16
🇫🇷 Franks · France
1068
+17
🇺🇸 Italians · United States
1057
+17
🇩🇪 Vikings · Germany
1224
-21
🇵🇪 Persians · Peru
1110
-18
🇫🇮 Koreans · Finland
1057
-16
🇩🇪 Varangians · Germany
947
-11
Yosef_
4:24 Loom
7:39 Loom
11:54 Loom
14:22 Feudal Age
18:16 Castle Age
21:44 Bloodlines
24:19 Forging
29:07 Scale Barding Armor
30:12 Iron Casting
30:55 Chain Barding Armor
37:17 Double-Bit Axe
38:07 Gold Mining
39:16 Husbandry
JAF23
10:47 Loom
15:27 Feudal Age
16:24 Double-Bit Axe
16:37 Gold Mining
16:37 Fishing Lines
21:24 Castle Age
22:02 Castle Age
20:41 Fletching
20:51 Padded Archer Armor
20:44 Stone Mining
22:41 Bodkin Arrow
22:54 Thumb Ring
23:57 Bow Saw
23:24 Crossbowman
26:11 Ballistics
26:29 Wheelbarrow
29:21 Leather Archer Armor
29:24 Hand Cart
34:26 Imperial Age
33:36 Gillnets
35:59 Arbalester
36:08 Elite Skirmisher
House of Bebu
16:38 Feudal Age
16:50 Loom
17:09 Double-Bit Axe
18:39 Fishing Lines
21:54 Castle Age
21:27 Stone Mining
23:44 Forging
23:35 Scale Mail Armor
24:33 Scale Mail Armor
26:29 Bow Saw
27:13 Iron Casting
26:35 Gillnets
27:08 Gold Mining
28:32 Yasama
29:20 Gold Shaft Mining
34:30 Imperial Age
32:20 Guard Tower
32:57 Murder Holes
32:43 Treadmill Crane
33:14 Masonry
36:25 Two-Man Saw
37:14 Blast Furnace
36:18 Squires
36:17 Arrowslits
37:32 Conscription
38:15 Chemistry
38:07 Chain Mail Armor
38:40 Wheelbarrow
37:50 Town Watch
37:48 Pikeman
38:14 Arson
Kyōshirō Tōdō
14:26 Feudal Age
12:43 Loom
15:13 Double-Bit Axe
16:46 Fishing Lines
20:26 Castle Age
18:14 Town Watch
23:56 Bow Saw
24:43 Stone Mining
25:36 Ballistics
25:12 Murder Holes
26:35 Gillnets
31:59 Imperial Age
29:53 Pikeman
30:33 Squires
31:37 Padded Archer Armor
31:27 Fletching
32:16 Wheelbarrow
31:46 Gold Mining
34:04 Conscription
35:29 Chemistry
aYce Slide4285
8:16 Loom
14:21 Feudal Age
19:14 Castle Age
24:23 Double-Bit Axe
27:18 Horse Collar
29:58 Husbandry
30:14 Scale Barding Armor
30:20 Forging
32:07 Heavy Plow
32:58 Wheelbarrow
32:09 Town Watch
Tekz4987
4:50 Loom
14:30 Feudal Age
18:36 Castle Age
17:00 Double-Bit Axe
17:12 Fishing Lines
20:34 Bow Saw
27:23 Horse Collar
27:27 Pikeman
27:53 Arson
35:51 Imperial Age
Lakupiippu
4:52 Loom
15:33 Feudal Age
16:14 Double-Bit Axe
20:02 Castle Age
17:55 Fletching
18:17 Stone Mining
21:04 Bow Saw
22:25 Bodkin Arrow
24:42 Stone Shaft Mining
24:33 Horse Collar
25:45 Ballistics
25:41 Heavy Plow
26:50 Wheelbarrow
26:41 Murder Holes
29:06 Hand Cart
30:05 Scale Barding Armor
29:23 Light Cavalry
33:09 Imperial Age
31:18 Husbandry
31:38 Gold Mining
33:00 Eupseong
33:50 Bracer
34:55 Chemistry
34:59 Hussar
35:19 Elite War Wagon
39:05 Conscription
Aoe_Ly
4:09 Loom
14:39 Feudal Age
15:09 Double-Bit Axe
18:53 Castle Age
19:09 Town Watch
19:35 Bow Saw
23:49 Scale Mail Armor
23:49 Pikeman
Connection lost

Rejoining the realm…

Still unreachable

The connection could not be restored.

Session expired

The server has moved on; the page needs a fresh start.